 Dungeon Crawl Stone Soup version 0.22-a0-447-gee5f723 (webtiles) character file.

2947 Supreme the Geomancer (level 10, 0/68 HPs)
             Began as a Formicid Earth Elementalist on June 2, 2018.
             Was an Initiate of Cheibriados.
             Shot with a sling bullet by Joseph (15 damage)
             ... on level 9 of the Dungeon on June 3, 2018.
             The game lasted 00:48:21 (6152 turns).

Supreme the Geomancer (Formicid Earth Elementalist) Turns: 6152, Time: 00:48:22

Health: 0/68       AC:  4    Str: 14    XL:     10   Next: 7%
Magic:  10/21      EV: 13    Int: 24    God:    Cheibriados [......]
Gold:   368        SH:  0    Dex: 12    Spells: 10/24 levels left

rFire    . . .     SeeInvis +   H - +2 spear (freeze)
rCold    . . .     Gourm    .   (no shield)
rNeg     . . .     Faith    .   c - +0 robe
rPois    .         Spirit   .   (helmet unavailable)
rElec    .         Reflect  .   (no cloak)
rCorr    .         Harm     .   h - +0 pair of gloves (curse)
MR       +....                  r - +0 pair of boots
Stlth    +++.......             (no amulet)
HPRegen  0.21/turn              y - +5 ring of intelligence
MPRegen  0.17/turn              (no ring)

@: very slow
A: permanent stasis, dig shafts and tunnels, four strong arms, antennae 3
a: Dig, Shaft Self, Bend Time, Renounce Religion


You were on level 9 of the Dungeon.
You worshipped Cheibriados.
Cheibriados was noncommittal.
You were hungry.

You visited 2 branches of the dungeon, and saw 10 of its levels.

You collected 446 gold pieces.
You spent 78 gold pieces at shops.

Inventory:

Hand Weapons
 e - a +1 dagger of freezing
 A - a +3 whip
 E - a +2 long sword of electrocution
 H - a +2 spear of freezing (weapon)
Missiles
 b - 191 stones (quivered)
 k - 55 bolts
 p - 6 steel javelins
 w - 41 poisoned needles
 B - 118 arrows
Armour
 c - a +0 robe (worn)
 h - a cursed +0 pair of gloves (worn)
 r - a +0 pair of boots (worn)
 F - a +0 robe of cold resistance
Jewellery
 j - an uncursed ring of fire
 t - a +3 ring of strength {unknown}
 y - a +5 ring of intelligence (left hand)
Wands
 D - a wand of iceblast (20)
 J - a wand of acid (8)
 L - a wand of flame (29)
Scrolls
 a - 6 scrolls of identify {unknown}
 f - a scroll of fog {unknown}
 i - 7 scrolls of teleportation {unknown}
 n - 5 scrolls of remove curse {unknown}
 q - a scroll of noise {unknown}
 s - a scroll of amnesia {unknown}
 u - 2 scrolls of fear {unknown}
 C - a scroll of blinking {unknown}
 G - a scroll of random uselessness {unknown}
Potions
 g - 3 potions of curing {unknown}
 l - a potion of haste {unknown}
 m - a potion of lignification {unknown}
 o - 5 potions of might {unknown}
 v - 2 potions of heal wounds
 x - a potion of brilliance {unknown}
 z - 2 potions of flight {unknown}
 K - a potion of agility {unknown}
Comestibles
 d - 13 rations


   Skills:
 + Level 2.7 Fighting
 - Level 1.0 Short Blades
 + Level 3.0 Dodging
 + Level 6.0 Stealth
 + Level 7.8 Spellcasting
 - Level 0.4 Conjurations
 - Level 1.1 Transmutations
 * Level 1.5 Fire Magic
 + Level 11.1 Earth Magic


You had 10 spell levels left.
You knew the following spells:

 Your Spells              Type           Power        Failure   Level  Hunger
a - Sandblast             Erth           ######       1%          1    None
b - Passwall              Tmut/Erth      #####...     1%          2    None
c - Stone Arrow           Conj/Erth      #####.       1%          3    None
d - Lee's Rapid Deconstr  Erth           ######....   1%          5    #####..
e - Conjure Flame         Conj/Fire      ##......     13%         3    None

Your spell library contained the following spells:

 Spells                   Type           Power        Failure   Level  Hunger
 Fireball                 Conj/Fire      ##........   77%         5    #####..
 Throw Flame              Conj/Fire      ##....       7%          2    None
 Sticky Flame             Conj/Fire      ##......     41%         4    ###....
 Flame Tongue             Conj/Fire      ##...        4%          1    None
 Petrify                  Tmut/Erth      #####...     5%          4    ###....
 Inner Flame              Hex/Fire       ##......     14%         3    None


Dungeon Overview and Level Annotations

Branches:
Dungeon (9/15)             Temple (1/1) D:7
   Lair: D:8-11         Orc: D:9-12

Altars:
Ashenzari
Cheibriados
Dithmenos
Elyvilon
Fedhas
Gozag
Hepliaklqana
Kikubaaqudgha
Makhleb
Nemelex Xobeh
Okawaru
Qazlal
Sif Muna
Trog
Uskayaw
Vehumet
Wu Jian
Xom
Yredelemnul
Zin
The Shining One
Lugonu

Shops:
D:4 !   D:7 }   D:9 }

Annotations:
D:4 exclusion: orc warrior
D:9 1 runed door, Joseph


Innate Abilities, Weirdness & Mutations

You cannot be hasted, slowed, berserked, paralysed or teleported.
You can dig through walls and to a lower floor.
Your four strong arms can wield two-handed weapons with a shield.
You have a pair of large antennae on your head. (SInv)


Message History

Casting: Sandblast (safe; 1% risk of failure)
Confirm with . or Enter, or press ? or * to list all spells.
Aiming: Passwall (safe; 1% risk of failure)
Press: ? - help, Dir - move target cursor You begin to meditate on the wall.
You continue meditating on the rock. x2
Joseph shouts, "At last, some action!"
Joseph unwields an uncursed hunting sling.
Joseph wields an uncursed quarterstaff.
Joseph closely misses you.
You finish merging with the rock.
A worker ant zombie comes into view.
Found a scale mail.
Joseph opens the door.
Found a centaur barding.
Joseph unwields an uncursed quarterstaff.
Joseph wields an uncursed hunting sling.
Joseph shoots a sling bullet.
The sling bullet closely misses you.
Joseph shoots a sling bullet.
The sling bullet hits you!
* * * LOW HITPOINT WARNING * * *
Joseph shoots a sling bullet.
The sling bullet hits you!
You die...

.......#.###+##@.##{##.
........#...@......###..
........###'######.....#
#......................
#......................
#......................
##[.......#######.######
.........## ###
...[...@## { {
........###.# {
........##).#{ {
........##s)'.. {
........##..#.Z {
.###....###.# #
#....##### ###..©


You could see Joseph, a scorpion (wandering) and a centaur zombie (wandering).

Vanquished Creatures
  A hippogriff (D:7)
  3 yaks (D:9)
  Menkaure (D:7)
  A water moccasin (D:5)
  3 ice beasts
  2 sky beasts
  3 phantoms
  A black bear (D:7)
  2 ogres (D:6)
  A centaur (D:7)
  4 bullfrogs
  A scorpion (D:4)
  2 howler monkeys
  A jelly (D:7)
  A bullfrog skeleton (D:6)
  2 bullfrog zombies (D:9)
  4 hounds
  An orc priest (D:5)
  An orc wizard (D:4)
  A centaur skeleton (D:7)
  An iguana (D:4)
  4 worker ants
  7 gnolls
  10 adders
  A howler monkey skeleton (D:5)
  A shadow imp (D:8)
  4 leopard geckos
  10 orcs
  5 ball pythons
  5 giant cockroaches
  5 goblins
  4 hobgoblins
  12 jackals
  4 quokkas
  4 bats
  A frilled lizard (D:3)
  4 kobolds
  A quokka skeleton (D:7)
  3 quokka zombies
  5 rats
127 creatures vanquished.

Vanquished Creatures (others)
  4 fungi (D:9)
4 creatures vanquished.

Grand Total: 131 creatures vanquished

Notes
Turn   | Place    | Note
-------+----------+-------------------------------------------
     0 | D:1      | Supreme the Formicid Earth Elementalist began the quest for the Orb.
     0 | D:1      | Reached XP level 1. HP: 13/13 MP: 3/3
   613 | D:1      | Reached XP level 2. HP: 19/19 MP: 5/5
   617 | D:1      | Learned a level 2 spell: Passwall
   633 | D:1      | Reached skill level 4 in Earth Magic
  1111 | D:2      | Reached XP level 3. HP: 24/24 MP: 3/6
  1620 | D:2      | Reached XP level 4. HP: 30/30 MP: 4/8
  2362 | D:3      | Found a white marble altar of Elyvilon.
  2416 | D:3      | Reached XP level 5. HP: 32/36 MP: 7/9
  2500 | D:3      | Found a shattered altar of Ashenzari.
  2798 | D:4      | Reached skill level 1 in Short Blades
  2798 | D:4      | Reached skill level 5 in Earth Magic
  2885 | D:4      | Found a shadowy altar of Dithmenos.
  2909 | D:4      | Reached XP level 6. HP: 37/42 MP: 7/11
  2914 | D:4      | Found Dyopamimuo's Distillery.
  2922 | D:4      | Bought a potion of degeneration for 13 gold pieces
  2922 | D:4      | Bought a potion of heal wounds for 65 gold pieces
  2968 | D:4      | Noticed a phantom
  2980 | D:4      | Killed a phantom
  3029 | D:4      | Reached skill level 6 in Earth Magic
  3108 | D:4      | Found an opulent altar of Gozag.
  3139 | D:4      | Noticed an orc warrior
  3203 | D:5      | Entered Level 5 of the Dungeon
  3303 | D:5      | Reached skill level 1 in Fighting
  3303 | D:5      | Reached XP level 7. HP: 41/48 MP: 9/13
  3308 | D:5      | Learned a level 3 spell: Stone Arrow
  3314 | D:5      | Learned a level 5 spell: Lee's Rapid Deconstruction
  3317 | D:5      | Found a glowing golden altar of the Shining One.
  3406 | D:5      | Reached skill level 5 in Spellcasting
  3456 | D:5      | Found a shadowy altar of Dithmenos.
  3456 | D:5      | Found a bloodstained altar of Trog.
  3457 | D:5      | Found a glowing silver altar of Zin.
  3501 | D:5      | Upgraded the game from 0.22-a0-445-g8c8ef71 to 0.22-a0-447-gee5f723
  3696 | D:5      | Noticed a water moccasin
  3715 | D:5      | Killed a water moccasin
  3715 | D:5      | Reached skill level 7 in Earth Magic
  3919 | D:5      | Reached XP level 8. HP: 54/54 MP: 9/16
  4006 | D:6      | Found an iron altar of Okawaru.
  4048 | D:6      | Reached skill level 8 in Earth Magic
  4276 | D:6      | Reached skill level 9 in Earth Magic
  4354 | D:6      | Reached XP level 9. HP: 54/61 MP: 15/18
  4521 | D:6      | Reached skill level 5 in Stealth
  4525 | D:6      | Found a hide-covered altar of Uskayaw.
  4576 | D:6      | Found a basalt altar of Yredelemnul.
  4680 | D:7      | Noticed Menkaure
  4689 | D:7      | Killed Menkaure
  4778 | D:7      | Found Nughinla's Gadget Boutique.
  4800 | D:7      | Found a staircase to the Ecumenical Temple.
  4810 | D:7      | Reached skill level 10 in Earth Magic
  4870 | Temple   | Entered the Ecumenical Temple
  5017 | D:7      | Noticed a hippogriff
  5036 | D:7      | Found a blossoming altar of Fedhas.
  5040 | D:7      | Found a snail-covered altar of Cheibriados.
  5044 | D:7      | Became a worshipper of Cheibriados the Contemplative
  5152 | D:7      | Killed a hippogriff
  5540 | D:8      | Found a burning altar of Makhleb.
  5544 | D:8      | Found a shimmering altar of Xom.
  5574 | D:8      | Learned a level 3 spell: Conjure Flame
  6052 | D:9      | Found a white marble altar of Elyvilon.
  6052 | D:9      | Noticed an angel
  6053 | D:9      | Found a runed door.
  6059 | D:9      | Found Nouduo's Gadget Shop.
  6136 | D:9      | Noticed Joseph
  6139 | D:9      | Reached skill level 1 in Fire Magic
  6139 | D:9      | Reached skill level 11 in Earth Magic
  6139 | D:9      | Reached XP level 10. HP: 22/68 MP: 11/21
  6141 | D:9      | HP: 1/68 [yak (13)]
  6152 | D:9      | Found a transporter.
  6152 | D:9      | Shot with a sling bullet by Joseph

Vault maps used:
D:1:      dpeg_arrival_connections
D:2:      palyth_stone_intersect, grunt_decor_resistance, grunt_ministairs_9
D:3:      cheibrodos_ashenzari_chains, nicolae_overflow_crystal_walls
D:4:      marbit_many_paths, nicolae_gozag_seed_capital, serial_shops, shop,
          nicolae_dithmenos_through_a_glass_darkly
D:5:      lemuel_doored_altar, gammafunk_temple_overflow_forgotten, first_ration
D:6:      lemuel_round_altar, nicolae_overflow_hidden_temple,
          overflow_temple_1_default
D:7:      overflow_temple_1_default, temple_pool_b, serial_shops, shop_statue,
          fedhas_altar_2, uniq_menkaure
D:8:      xom_butterflies, old_standard_altar
D:9:      gammafunk_the_bubble, due_lair_maze_entry_diamond, serial_shops,
          shop_coins, hangedman_fish_farm, lemuel_angel_altar, uniq_joseph
Temple:   corrupted_temple

Skill      XL: |  1  2  3  4  5  6  7  8  9 10 |
---------------+-------------------------------+-----
Earth Magic    | 4 5 6 7 9 11 | 11.1
Dodging        | 2 3 |  3.0
Stealth        | 3 4 5 6 |  6.0
Spellcasting   | 3 4 5 6 7 |  7.8
Short Blades   | 1 |  1.0
Fighting       | 1 2 |  2.7
Fire Magic     | 1 |  1.5
Conjurations   | |  0.4
Transmutations | |  1.1

Action                   |  1- 3 |  4- 6 |  7- 9 | 10-12 || total
-------------------------+-------+-------+-------+-------++-------
Melee: Unarmed           |    20 |       |       |       ||    20
       Dagger            |    61 |   100 |    66 |       ||   227
       Halberd           |       |    10 |       |       ||    10
       Spear             |       |       |    56 |       ||    56
 Cast: Sandblast         |    13 |    54 |    66 |     2 ||   135
       Stone Arrow       |       |       |     6 |       ||     6
       Lee's Rapid Decon |       |       |     4 |     1 ||     5
       Passwall          |       |       |       |     1 ||     1
  Use: Potion            |       |       |       |     1 ||     1
 Stab: Sleeping          |     3 |     1 |     9 |       ||    13
  Eat: Chunk             |     2 |     6 |     7 |       ||    15
       Ration            |       |       |     1 |       ||     1
Armor: Robe              |    23 |    21 |    17 |       ||    61
Dodge: Dodged            |    49 |    76 |    67 |     3 ||   195

Table legend:
 A = Spawn XP
 B = Non-spawn XP
 C = Spawn XP percentage of total XP
 D = Spawn monster count
 E = Non-spawn monster count
 F = Spawn count percentage of total count
 G = Total turns spent on level
                    A         B        C        D         E        F      G
               +---------+---------+-------+---------+---------+-------+---------
         Total |       0 |    4210 |   0.0 |       0 |     127 |   0.0 |  6152
               +---------+---------+-------+---------+---------+-------+---------
           D:1 |       0 |      19 |   0.0 |       0 |      11 |   0.0 |   916
           D:2 |       0 |      57 |   0.0 |       0 |      13 |   0.0 |   997
           D:3 |       0 |      97 |   0.0 |       0 |      23 |   0.0 |   748
           D:4 |       0 |     319 |   0.0 |       0 |      16 |   0.0 |   542
           D:5 |       0 |     644 |   0.0 |       0 |      20 |   0.0 |   768
           D:6 |       0 |    1082 |   0.0 |       0 |      20 |   0.0 |   727
           D:7 |       0 |    1071 |   0.0 |       0 |      15 |   0.0 |   700
           D:8 |       0 |     237 |   0.0 |       0 |       4 |   0.0 |   596
           D:9 |       0 |     684 |   0.0 |       0 |       5 |   0.0 |   116
               +---------+---------+-------+---------+---------+-------+---------
